 Dungeon Crawl Stone Soup version 0.19.0-2-gae57169 (webtiles) character file.

76583 GordonOverkill the Shatterer (level 15, -3/234 HPs)
             Began as an Ogre Hunter on Nov 3, 2016.
             Was a High Priest of Trog.
             Slain by an orc knight
             ... wielding a +2 broad axe
              (29 damage)
             ... on level 1 of the Orcish Mines.
             The game lasted 01:01:24 (29977 turns).

GordonOverkill the Shatterer (Ogre Hunter)         Turns: 29977, Time: 01:01:25

Health: -3/234     AC: 17    Str: 30    XL:     15   Next: 54%
Magic:  20/20      EV: 16    Int: 16    God:    Trog [*****.]
Gold:   2268       SH:  0    Dex: 17    Spells: 0 memorised, 14 levels left

rFire  . . .     SeeInvis .     H - +5 giant spiked club
rCold  . . .     Gourm    +     a - quicksilver dragon scales "Agiofug" {+Blink rN+ MR+ rCorr Int+4}
rNeg   + . .     Faith    .     (shield currently unavailable)
rPois  .         Spirit   .     X - +0 hat
rElec  .         Reflect  .     h - +2 cloak {+Inv}
rCorr  +         Harm     .     (gloves unavailable)
MR     ++...                    (boots unavailable)
Stlth  ..........               Z - amulet of the gourmand
                                K - ring of Onoop {EV+1 Str+4 Int+2 Slay+2}
                                v - +2 ring of dexterity

@: berserking, very quick
A: unfitting armour, tough skin 1
a: Berserk, Trog's Hand, Brothers in Arms, Burn Spellbooks, Renounce Religion,
Evoke Blink, Evoke Invisibility


You were on level 1 of the Orcish Mines.
You worshipped Trog.
Trog was extremely pleased with you.
You were very full.

You visited 4 branches of the dungeon, and saw 19 of its levels.
You also visited: Ice Cave and Volcano.

You collected 2268 gold pieces.

Inventory:

Hand Weapons
 G - a +3 antimagic giant spiked club
 H - a +5 giant spiked club (weapon)
Missiles
 k - a throwing net
 l - 4 large rocks (quivered)
Armour
 a - the quicksilver dragon scales "Agiofug" (worn) {+Blink rN+ MR+ rCorr Int+4}
   (You acquired it on level 5 of the Lair of Beasts)

   It affects your intelligence (+4).
   It protects you from negative energy.
   It affects your resistance to hostile enchantments.
   It lets you blink.
   It protects you from acid and corrosion.
 h - a +2 cloak of invisibility (worn)
 X - a +0 hat (worn)
Jewellery
 c - an uncursed ring of ice
 v - a +2 ring of dexterity (left hand)
 K - the ring of Onoop (right hand) {EV+1 Str+4 Int+2 Slay+2}
   (You found it on level 3 of the Lair of Beasts)

   [ring of evasion]

   It affects your evasion (+1).
   It affects your strength (+4).
   It affects your intelligence (+2).
   It affects your accuracy and damage with ranged weapons and melee attacks
   (+2).
 Z - an amulet of the gourmand (around neck)
Wands
 g - a wand of iceblast (8/15)
 n - a wand of confusion (33/48)
 p - a wand of teleportation (4/9)
 y - a wand of polymorph (14/24)
 B - a wand of hasting (8/9)
 I - a wand of iceblast (2/15)
 J - a wand of polymorph (11/24)
Scrolls
 b - a scroll of fog
 d - 4 scrolls of teleportation
 i - 11 scrolls of remove curse
 j - a scroll of identify
 s - 2 scrolls of enchant armour
 u - a scroll of blinking
 O - 3 scrolls of fear
 Q - 2 scrolls of recharging
 S - a scroll of magic mapping
Potions
 e - a potion of might
 m - 8 potions of curing
 o - 4 potions of resistance
 q - a potion of mutation {unknown}
 r - 4 potions of flight
 w - a potion of ambrosia
 A - 4 potions of lignification
 C - a potion of haste
 L - 2 potions of cancellation
Comestibles
 f - 11 bread rations
 t - 8 fruits
 x - 10 meat rations
 F - 19 beef jerkies


   Skills:
 - Level 12.0 Fighting
 + Level 21.8 Maces & Flails
 - Level 5.1 Throwing
 - Level 10.0 Armour
 + Level 9.2 Dodging
 - Level 0.6 Stealth
 - Level 7.0 Evocations


You had 14 spell levels left.
You didn't know any spells.

Dungeon Overview and Level Annotations

Branches:
Dungeon (10/15)            Temple (1/1) D:5            Lair (6/6) D:8
  Swamp (0/4) Lair:4       Spider (0/4) Lair:2        Slime (0/5) Lair:5
    Orc (2/2) D:10
    Elf: Orc:2

Altars:
Ashenzari
Cheibriados
Dithmenos
Elyvilon
Fedhas
Gozag
Hepliaklqana
Kikubaaqudgha
Makhleb
Nemelex Xobeh
Okawaru
Qazlal
Ru
Sif Muna
Trog
Uskayaw
Vehumet
Xom
Yredelemnul
Zin
The Shining One

Shops:
D:6 *

Annotations:
Lair:2 5 exclusions


Innate Abilities, Weirdness & Mutations

You are too large for most types of armour.
You have tough skin. (AC +1)


Message History

The orc wizard hits you but does no damage.
Unknown command.
You bludgeon the ogre!!
You feel the power of Trog in you as your rage grows.
You kill the ogre!
Trog accepts your kill.
The orc knight hits you with an enchanted broad axe!
* * * LOW HITPOINT WARNING * * *
The orc knight barely misses you.
You hammer the orc wizard like a gong!!!
You kill the orc wizard!
Trog accepts your kill.
Trog appreciates your killing of a magic user.
Unknown command.
You hit the orc knight.
The orc knight is lightly wounded.
The orc knight hits you with a great sword!!
* * * LOW HITPOINT WARNING * * *
The orc knight hits you with an enchanted broad axe!!
You die...

##..........#.##.##
#.........#.##.###
##.#........[....##
#...#.......)#....#
#........%....#..####
##.......#..........##
#....................#
#...)))..#......##....
#...o@)..........#....
##..[[o.......^.#.#...
#..................#.#
##..................##
##.#..............##
##...............#
##.............##
#.............##
##.#....#...>..#


You could see 2 orc knights.

Vanquished Creatures
  3 orc warlords
  A frost giant (IceCv)
  Josephine (Orc:1)
  A fire dragon (Lair:6)
  2 hydras
  A dancing weapon (Volcano)
  Erica (D:8)
  13 death yaks
  An orc high priest (Orc:1)
  5 wizards (Volcano)
  A swamp dragon (Lair:4)
  Pikel (D:6)
  A lindwurm (Lair:6)
  An orc knight (Orc:1)
  2 orc sorcerers
  An ice statue (IceCv)
  11 elephants
  5 toenail golems (Volcano)
  5 black mambas
  6 torpor snails (Lair:6)
  3 rime drakes
  10 spiny frogs
  The ghost of GordonOverkill the Skirmisher, an amateur OgHu of Trog (D:5)
  9 komodo dragons
  Grinder (D:5)
  19 polar bears
  2 trolls
  4 tyrant leeches (Lair:6)
  A two-headed ogre (D:9)
  6 hornets (Lair:6)
  7 hippogriffs
  6 raiju (Lair:6)
  23 blink frogs
  Sigmund (D:2)
  2 wyverns
  Eustachio (D:6)
  48 yaks
  A basilisk (Lair:2)
  4 wraiths (Orc:1)
  A hungry ghost (D:10)
  15 wargs
  Edmund (D:5)
  6 hell hounds
  19 water moccasins
  15 porcupines
  14 black bears
  16 orc warriors
  4 slaves
  3 sky beasts
  2 phantoms
  An ice beast (D:9)
  A necrophage (D:9)
  3 centaurs
  5 ogres
  34 wolves
  14 crocodiles
  A big kobold (D:8)
  Blork the orc (D:5)
  8 bullfrogs
  A wyvern skeleton (D:10)
  8 scorpions
  3 wights (D:8)
  2 howler monkeys
  An electric eel (Lair:3)
  2 bullfrog zombies
  3 crimson imps
  A jelly (D:6)
  18 hounds
  2 quasits
  2 bullfrog skeletons
  12 orc priests
  9 orc wizards
  Crazy Yiuf (D:3)
  3 iguanas
  13 worker ants
  A killer bee zombie (D:9)
  A worker ant zombie (D:10)
  9 gnolls
  13 adders
  A shadow imp (D:6)
  12 white imps (Lair:3)
  2 oozes
  An adder zombie (D:9)
  2 worms (D:3)
  2 dart slugs
  7 leopard geckos
  57 orcs
  7 bats
  4 giant cockroaches
  15 hobgoblins
  14 jackals
  2 quokkas (D:2)
  A ball python (D:3)
  2 frilled lizards
  13 goblins
  15 kobolds
  A leopard gecko zombie (D:5)
  A quokka skeleton (D:9)
  A quokka zombie (D:6)
  8 rats
  A fire vortex (Lair:6)
  A fungus (Lair:6)
651 creatures vanquished.

Vanquished Creatures (collateral kills)
  An oklob plant (Lair:5)
  A bullfrog (Lair:5)
2 creatures vanquished.

Vanquished Creatures (others)
  2 yaks (IceCv)
  A wolf (IceCv)
  2 orcs
  A frilled lizard (Lair:4)
  2 bushes (Lair:6)
  A fire vortex (Lair:6)
  12 fungi
  26 plants (Lair:6)
47 creatures vanquished.

Grand Total: 700 creatures vanquished

Notes
Turn   | Place    | Note
-------+----------+-------------------------------------------
     0 | D:1      | GordonOverkill the Ogre Hunter began the quest for the Orb.
     0 | D:1      | Reached XP level 1. HP: 22/22 MP: 1/1
   385 | D:1      | Reached skill level 1 in Maces & Flails
   385 | D:1      | Reached XP level 2. HP: 27/31 MP: 2/2
   793 | D:1      | Reached skill level 2 in Maces & Flails
   793 | D:1      | Reached XP level 3. HP: 28/37 MP: 3/3
  1247 | D:2      | Noticed Sigmund
  1251 | D:2      | Killed Sigmund
  1251 | D:2      | Reached skill level 4 in Maces & Flails
  1251 | D:2      | Reached XP level 4. HP: 42/49 MP: 4/4
  1251 | D:2      | Reached XP level 5. HP: 47/55 MP: 5/5
  1398 | D:2      | Reached skill level 5 in Throwing
  1737 | D:2      | Reached XP level 6. HP: 56/63 MP: 6/6
  1969 | D:3      | Reached skill level 5 in Maces & Flails
  2534 | D:3      | Found a runed door.
  3135 | D:3      | Noticed Crazy Yiuf
  3142 | D:3      | Killed Crazy Yiuf
  3142 | D:3      | Reached skill level 5 in Fighting
  3300 | D:4      | You fall through a shaft for 2 floors!
  3334 | D:5      | Entered Level 5 of the Dungeon
  3337 | D:5      | Found a staircase to the Ecumenical Temple.
  3345 | D:5      | Reached skill level 1 in Evocations
  3353 | Temple   | Entered the Ecumenical Temple
  3545 | Temple   | Became a worshipper of Trog the Wrathful
  3585 | D:5      | Noticed GordonOverkill's ghost (amateur OgHu)
  4098 | D:5      | Noticed Blork the orc
  4399 | D:4      | Reached XP level 7. HP: 70/72 MP: 5/8
  5031 | D:4      | Reached * piety under Trog
  5376 | D:5      | Noticed Eustachio
  5409 | D:6      | Killed Eustachio
  5409 | D:6      | Reached skill level 5 in Evocations
  5409 | D:6      | Reached XP level 8. HP: 39/80 MP: 9/11
  6652 | D:6      | Found Kutzood's General Store.
  7146 | D:5      | Noticed Edmund
  7155 | D:5      | Killed Edmund
  7155 | D:5      | Reached skill level 6 in Maces & Flails
  7155 | D:5      | Reached XP level 9. HP: 76/88 MP: 14/14
  7234 | D:5      | Killed Blork the orc
  7234 | D:5      | Reached skill level 7 in Maces & Flails
  7245 | D:5      | Reached ** piety under Trog
  7483 | D:5      | Noticed Grinder
  7492 | D:5      | Killed Grinder
  7492 | D:5      | Reached skill level 8 in Maces & Flails
  8122 | D:5      | Killed GordonOverkill's ghost
  8122 | D:5      | Reached skill level 9 in Maces & Flails
  8272 | D:5      | Noticed Pikel
  8297 | D:6      | Killed Pikel
  8297 | D:6      | Reached skill level 10 in Maces & Flails
  8508 | D:7      | Reached skill level 11 in Maces & Flails
  9247 | D:7      | Reached *** piety under Trog
  9757 | D:8      | Reached XP level 10. HP: 100/100 MP: 15/15
  9876 | D:8      | Noticed Erica
  9889 | D:8      | Killed Erica
  9889 | D:8      | Reached skill level 12 in Maces & Flails
 10134 | D:8      | Found a staircase to the Lair.
 10956 | D:9      | Reached skill level 13 in Maces & Flails
 11585 | D:9      | Reached **** piety under Trog
 12036 | Lair:1   | Entered Level 1 of the Lair of Beasts
 12042 | Lair:1   | Reached skill level 10 in Fighting
 12078 | Lair:1   | Reached XP level 11. HP: 45/119 MP: 16/16
 12106 | Lair:1   | Reached skill level 14 in Maces & Flails
 12495 | Lair:1   | Reached skill level 1 in Armour
 12895 | Lair:1   | Received a gift from Trog
 13707 | Lair:2   | Reached skill level 15 in Maces & Flails
 14150 | Lair:2   | Found a hole to the Spider Nest.
 14150 | Lair:2   | Noticed an orb spider
 14264 | Lair:3   | Identified a scroll of acquirement
 14399 | Lair:3   | Reached XP level 12. HP: 114/132 MP: 17/17
 14515 | Lair:3   | Reached skill level 5 in Armour
 14591 | Lair:3   | Found a frozen archway.
 14626 | IceCv    | Entered an ice cave
 14647 | IceCv    | Reached skill level 16 in Maces & Flails
 14701 | IceCv    | Reached ***** piety under Trog
 14959 | IceCv    | Noticed a death yak
 14959 | IceCv    | Noticed a death yak
 14967 | IceCv    | Killed a death yak
 14979 | IceCv    | Killed a death yak
 14979 | IceCv    | Received a gift from Trog
 15528 | IceCv    | Noticed a frost giant
 15542 | IceCv    | Reached skill level 17 in Maces & Flails
 15558 | IceCv    | Killed a frost giant
 16120 | Lair:3   | Reached XP level 13. HP: 136/140 MP: 18/18
 16291 | Lair:3   | Got a flickering brass ring
 16292 | Lair:3   | Identified the ring of Onoop {EV+1 Str+4 Int+2 Slay+2} (You found it on level 3 of the Lair of Beasts)
 16707 | Lair:3   | Reached skill level 18 in Maces & Flails
 17514 | Lair:4   | Found a dark tunnel.
 17537 | Volcano  | Entered a volcano
 17573 | Volcano  | Received a gift from Trog
 18657 | Lair:4   | Reached skill level 19 in Maces & Flails
 18854 | Lair:4   | Found a staircase to the Swamp.
 19158 | Lair:5   | Found a staircase to the Slime Pits.
 19174 | Lair:5   | HP: 7/140 [acid (13)]
 20407 | Lair:5   | Got jewelled quicksilver dragon scales
 20408 | Lair:5   | Identified the quicksilver dragon scales "Agiofug" {+Blink rN+ MR+ rCorr Int+4} (You acquired it on level 5 of the Lair of Beasts)
 20444 | Lair:5   | Reached XP level 14. HP: 136/149 MP: 19/19
 20576 | Lair:5   | Reached skill level 10 in Armour
 20871 | Lair:6   | Entered Level 6 of the Lair of Beasts
 22079 | Lair:6   | Received a gift from Trog
 22093 | Lair:6   | Reached skill level 20 in Maces & Flails
 22097 | Lair:6   | Paralysed by a hornet for 1 turns
 23103 | Lair:5   | Reached skill level 5 in Dodging
 25328 | Lair:6   | Found a runed door.
 25359 | Lair:6   | Reached skill level 21 in Maces & Flails
 25380 | Lair:6   | Got a transparent cloak
 25381 | Lair:6   | Identified the +0 cloak of the Assorted Mice {Int+4} (You found it on level 6 of the Lair of Beasts)
 25446 | Lair:6   | Reached XP level 15. HP: 94/156 MP: 17/20
 26760 | D:10     | Entered Level 10 of the Dungeon
 27027 | D:10     | Received a gift from Trog
 27052 | D:10     | Found a staircase to the Orcish Mines.
 27735 | Orc:1    | Entered Level 1 of the Orcish Mines
 27735 | Orc:1    | Noticed an orc warlord
 27753 | D:10     | Killed an orc warlord
 28077 | Orc:1    | Noticed Josephine
 28094 | Orc:1    | Killed Josephine
 28374 | Orc:2    | Entered Level 2 of the Orcish Mines
 28379 | Orc:2    | Noticed an orc warlord
 28895 | Orc:2    | Noticed an orc warlord
 28901 | Orc:1    | Killed an orc warlord
 29160 | Orc:1    | Killed an orc warlord
 29517 | Orc:1    | Received a gift from Trog
 29977 | Orc:1    | Slain by an orc knight

Skill      XL: |  1  2  3  4  5  6  7  8  9 10 11 12 13 14 15 |
---------------+----------------------------------------------+-----
Fighting       | 3 4 5 6 10 12 | 12.0
Maces & Flails | 1 2 4 5 6 11 13 15 17 19 21 | 21.8
Throwing       | 5 |  5.1
Evocations     | 2 5 7 |  7.0
Armour         | 4 7 9 10 | 10.0
Dodging        | 7 9 |  9.2
Stealth        | |  0.6

Action                   |  1- 3 |  4- 6 |  7- 9 | 10-12 | 13-15 || total
-------------------------+-------+-------+-------+-------+-------++-------
Melee: Club              |    21 |       |       |       |       ||    21
       Short sword       |     7 |       |       |       |       ||     7
       Whip              |    40 |   218 |   272 |       |       ||   530
       Flail             |       |       |   174 |   611 |   294 ||  1079
       Giant spiked club |       |       |       |    10 |   736 ||   746
Throw: Large rock        |     4 |     7 |     4 |       |     1 ||    16
       Throwing net      |       |     2 |       |       |       ||     2
Invok: Burn Spellbooks   |       |       |     3 |     3 |       ||     6
       Berserk           |       |       |       |     2 |    14 ||    16
       Trog's Hand       |       |       |       |       |     5 ||     5
       Brothers in Arms  |       |       |       |       |     2 ||     2
 Abil: Evoke Invisibilit |       |     2 |     5 |     8 |     9 ||    24
       Evoke Blink       |       |       |       |       |     1 ||     1
  Use: Scroll            |       |     9 |    11 |    14 |    18 ||    52
       Potion            |       |     4 |       |       |     1 ||     5
 Stab: Sleeping          |       |     6 |     5 |       |     1 ||    12
       Invisible         |       |     2 |     8 |    21 |    15 ||    46
  Eat: Chunk             |     1 |     7 |    13 |    23 |    61 ||   105
       Beef jerky        |       |     1 |       |       |     6 ||     7
       Royal jelly       |       |     1 |       |       |       ||     1
       Pizza             |       |       |     2 |       |     2 ||     4
       Bread ration      |       |       |     1 |       |       ||     1
       Fruit             |       |       |       |     4 |     5 ||     9
Armor: Robe              |    18 |    67 |   132 |    17 |    10 ||   244
       Troll leather arm |       |       |       |   174 |    48 ||   222
       Swamp dragon scal |       |       |       |       |    41 ||    41
       Quicksilver drago |       |       |       |       |   396 ||   396
Dodge: Dodged            |    30 |   104 |   210 |   285 |   816 ||  1445
